 Dungeon Crawl Stone Soup version 0.28.0-53-g5a82cb258f (webtiles) character file.

Game seed: 10659102561949589314

68 Plasmagod the Covered (level 4, -1/40 HPs)
             Began as a Minotaur Fighter on July 28, 2022.
             Slain by Crazy Yiuf
             ... wielding a +4 quarterstaff of chaos
              (11 damage)
             ... on level 2 of the Dungeon.
             The game lasted 00:02:02 (1575 turns).

Plasmagod the Covered (Minotaur Fighter)            Turns: 1575, Time: 00:02:02

Health: -1/40      AC: 13    Str: 21    XL:     4   Next: 1%
Magic:  3/3        EV:  6    Int:  5    God:
Gold:   66         SH:  4    Dex: 11    Spells: 3/3 levels left

rFire   + . .      SeeInvis .   a - +0 long sword
rCold   . . .      Faith    .   c - +0 buckler
rNeg    . . .      Spirit   .   i - +0 plate armour
rPois   .          Reflect  .   (helmet restricted)
rElec   .          Harm     .   (no cloak)
rCorr   .          Rampage  .   (no gloves)
Will    .....                   k - +0 pair of boots
Stlth   ..........              (no amulet)
HPRegen 0.13/turn               o - ring of protection from fire
MPRegen 0.08/turn               (no ring)

@: lethally poisoned (-1 -> -12)
A: horns 2, retaliatory headbutt
a: no special abilities


You were on level 2 of the Dungeon.
You visited 1 branch of the dungeon, and saw 2 of its levels.

You collected 66 gold pieces.

Inventory:

Hand Weapons
 a - a +0 long sword (weapon)
Armour
 c - a +0 buckler (worn)
 i - a +0 plate armour (worn)
 k - a +0 pair of boots (worn)
Jewellery
 o - a ring of protection from fire (left hand)
Scrolls
 b - 3 scrolls of fear {unknown}
 e - 2 scrolls of teleportation {unknown}
 j - a scroll of enchant weapon {unknown}
 l - 3 scrolls of noise {unknown}
 m - a scroll of amnesia {unknown}
 n - a scroll of identify {unknown}
 p - a scroll of immolation {unknown}
Potions
 d - a potion of might
 f - a potion of mutation {unknown}
 g - a potion of brilliance {unknown}
 h - 2 potions of curing {unknown}
 q - a potion of heal wounds {unknown}


   Skills:
 + Level 4.2 Fighting
 + Level 3.4 Long Blades
 + Level 4.3 Armour
 + Level 0.6 Dodging
 + Level 0.2 Stealth
 + Level 4.0 Shields


You had 3 spell levels left.
You didn't know any spells.
Your spell library was empty.

Dungeon Overview and Level Annotations

Branches:
Dungeon (2/15)

Altars:
Makhleb

Annotations:
D:2 Crazy Yiuf


Innate Abilities, Weirdness & Mutations

You have a pair of horns on your head.
You reflexively headbutt those who attack you in melee.


Message History

Things that are here:
a +0 dagger; a goblin corpse
l - 3 scrolls labelled VIFYENNUNA (gained 2)
Found 10 stones.
p - a scroll labelled GISEANAMPU A rat comes into view.
You see here a fuming pink potion.
You hit the rat.
You kill the rat!
You have reached level 4!
You feel stronger.
q - a fuming pink potion You see here a rat corpse.
A bat comes into view.
You block the bat's attack.
You slash the bat!
You kill the bat!
No target in view!
o - a ring of protection from fire (left hand)
Found a mace.
Found a runed translucent door.
You open the door. You hit Crazy Yiuf but do no damage.
Crazy Yiuf laughs, "You!"
Crazy Yiuf barely misses you.
You closely miss Crazy Yiuf.
Crazy Yiuf hits you with a +4 quarterstaff of chaos!
You are poisoned.
You hit Crazy Yiuf.
Crazy Yiuf is lightly wounded.
You feel very sick.
Crazy Yiuf says, "Orb disdain high!"
Crazy Yiuf hits you but does no damage.
You hit Crazy Yiuf.
Crazy Yiuf is lightly wounded.
You feel very sick.
Crazy Yiuf hits you with a +4 quarterstaff of chaos.
Crazy Yiuf freezes you.
* * * LOW HITPOINT WARNING * * *
Crazy Yiuf hits you with a +4 quarterstaff of chaos!
You die...

.##..#...#....#...##
#..#
.##.##...#....#...#
##.##
........†.....#...#
#..#
.##################
##.# .# #.# .# #.##
.# ### ♣♣##..# .#
#)..#♣♣ ♣♣..+..# .#
#...g@♣♣♣♣......# .#
#...#♣..♣.......# ##
### ♣♣♣.♣...+..#
♣♣♣♣♣#####


You could see Crazy Yiuf.

Vanquished Creatures
  A dart slug (D:2)
  8 endoplasms
  7 giant cockroaches
  8 goblins
  3 hobgoblins (D:2)
  3 jackals (D:1)
  A quokka (D:1)
  3 ball pythons (D:1)
  10 bats
  A frilled lizard (D:1)
  4 kobolds
  11 rats
60 creatures vanquished.

Notes
Turn   | Place    | Note
-------+----------+-------------------------------------------
     0 | D:1      | Plasmagod the Minotaur Fighter began the quest for the Orb.
     0 | D:1      | Reached XP level 1. HP: 19/19 MP: 0/0
     1 | D:1      | Found a runed translucent door.
   191 | D:1      | Reached XP level 2. HP: 27/27 MP: 1/1
   936 | D:1      | Reached XP level 3. HP: 26/33 MP: 2/2
  1206 | D:2      | Found a burning altar of Makhleb.
  1509 | D:2      | Reached XP level 4. HP: 40/40 MP: 3/3
  1567 | D:2      | Found a runed translucent door.
  1568 | D:2      | Noticed Crazy Yiuf
  1575 | D:2      | Slain by Crazy Yiuf

Illustrated notes

Levels and vault maps discovered:
D:1:      dpeg_arrival_caged_fury, layout_basic
D:2:      layout_rooms, basic_altar, uniq_crazy_yiuf_cottage

Skill      XL: |  1  2  3 |
---------------+----------+-----
Armour         | 4 |  4.3
Fighting       | 4 |  4.2
Long Blades    | 3 |  3.4
Shields        | 4 |  4.0
Dodging        | |  0.6
Stealth        | |  0.2

Action                   |  1- 3 |  4- 6 || total
-------------------------+-------+-------++-------
Melee: Long sword        |   131 |     5 ||   136
       Headbutt          |     8 |       ||     8
Armor: Scale mail        |    22 |       ||    22
       Plate armour      |    85 |     1 ||    86
Dodge: Dodged            |    44 |     1 ||    45
Block: Buckler           |    26 |     1 ||    27
